 Dungeon Crawl Stone Soup version 0.28-a0-577-gb193047a1f (webtiles) character file.

Game seed: 8319732972807370127

63 barkas the Chopper (level 4, -1/40 HPs)
             Began as a Naga Warper on Oct 1, 2021.
             Slain by a wyvern zombie (5 damage)
             ... on level 3 of the Dungeon.
             The game lasted 00:03:18 (2532 turns).

barkas the Chopper (Naga Warper)                    Turns: 2532, Time: 00:03:19

Health: -1/40      AC:  6    Str: 14    XL:     4   Next: 9%
Magic:  3/7        EV:  9    Int: 12    God:
Gold:   61         SH:  0    Dex: 10    Spells: 2/7 levels left

rFire   . . .      SeeInvis +   a - +0 hand axe
rCold   . . .      Faith    .   (no shield)
rNeg    . . .      Spirit   .   b - +0 leather armour
rPois   +          Reflect  .   (no helmet)
rElec   .          Harm     .   (no cloak)
rCorr   .          Rampage  .   (no gloves)
Will    .....      Rnd*Tele +   (no barding)
Stlth   +.........              (no amulet)
HPRegen 0.13/turn               h - +4 ring of protection
MPRegen 0.10/turn               (no ring)

@: attractive, very slow
A: AC +1, large, see invisible, deformed body, poison resistance, slowness 2,
spit poison 1, naga tail 1, dopey 1, teleportitis 1, wild magic 1
a: Spit Poison


You were on level 3 of the Dungeon.
You visited 1 branch of the dungeon, and saw 3 of its levels.

You collected 61 gold pieces.

Inventory:

Hand Weapons
 a - a +0 hand axe (weapon)
Missiles
 d - 5 boomerangs of dispersal (quivered)
 g - 12 poisoned darts
Armour
 b - a +0 leather armour (worn)
Jewellery
 h - a +4 ring of protection (left hand)
Scrolls
 c - 2 scrolls of blinking
 f - 2 scrolls of noise {unknown}
 i - a scroll of fog {unknown}
 j - a scroll of enchant armour {unknown}
 l - a scroll of identify {unknown}
Potions
 k - a potion of attraction


   Skills:
 + Level 2.7 Fighting
 * Level 3.5 Axes
 - Level 0.8 Throwing
 - Level 0.7 Armour
 - Level 1.5 Dodging
 - Level 2.0 Spellcasting
 * Level 3.2 Translocations


You had 2 spell levels left.
You knew the following spells:

 Your Spells              Type           Power      Damage    Failure   Level
a - Blink                 Tloc           N/A        N/A       21%         2
b - Teleport Other        Tloc           11%        N/A       34%         3

Your spell library contained the following spells:

 Spells                   Type           Power      Damage    Failure   Level
 Gell's Gravitas          Tloc           5%         N/A       34%         3
 Lesser Beckoning         Tloc           11%        N/A       34%         3
 Manifold Assault         Tloc           11%        N/A       96%         5


Dungeon Overview and Level Annotations

Branches:
Dungeon (3/15)

Altars:
Vehumet

Annotations:
D:2 Terence


Innate Abilities, Weirdness & Mutations

Your serpentine skin is tough. (AC +1)
You have supernaturally acute eyesight. (SInv)
Armour fits poorly on your strangely shaped body.
Your system is resistant to poisons. (rPois)
You cover ground very slowly.
You can spit poison.
You have a snake-like lower body.
You are dopey. (Int -2)
You are occasionally teleported next to monsters.
Your spells are a little harder to cast, but a little more powerful.


Message History

The wyvern zombie bites you!
The wyvern zombie bites you but does no damage.
Unknown command.
You hit the wyvern zombie.
The wyvern zombie is lightly damaged.
The wyvern zombie bites you but does no damage.
You hit the wyvern zombie.
The wyvern zombie is lightly damaged.
The wyvern zombie barely misses you.
The wyvern zombie bites you but does no damage.
You barely miss the wyvern zombie.
The wyvern zombie is lightly damaged.
The wyvern zombie bites you.
You hit the wyvern zombie.
The wyvern zombie is lightly damaged.
The wyvern zombie closely misses you. x2
You hit the wyvern zombie.
The wyvern zombie is moderately damaged.
The wyvern zombie bites you.
You hit the wyvern zombie.
The wyvern zombie is moderately damaged.
The wyvern zombie bites you!
* * * LOW HITPOINT WARNING * * *
The wyvern zombie barely misses you.
You hit the wyvern zombie.
The wyvern zombie is moderately damaged.
The wyvern zombie bites you.
* * * LOW HITPOINT WARNING * * *
You barely miss the wyvern zombie.
The wyvern zombie is moderately damaged.
The wyvern zombie barely misses you. The wyvern zombie bites you!
* * * LOW HITPOINT WARNING * * *
You barely miss the wyvern zombie.
The wyvern zombie is moderately damaged.
The wyvern zombie barely misses you.
You hit the wyvern zombie but do no damage.
The wyvern zombie is moderately damaged.
The wyvern zombie bites you but does no damage.
The wyvern zombie bites you.
You die...

### ###. ...
##.. .. ..#
#.##.# # #
#..ยง.###.##.
#. ####........
#.#####..######
#####
####........#
....
.......@###.#
#.# #####.#Z#
.# ..# #.#.# .#
..# # #.# .#
..# #.# .# ..#
#.# .. ### #.##
## ### #..# ..#
##.#


You could see a wyvern zombie.

Vanquished Creatures
  3 dart slugs
  5 bats
  10 endoplasms
  6 giant cockroaches
  3 hobgoblins
  2 jackals (D:2)
  4 kobolds
  A quokka (D:2)
  6 ball pythons (D:1)
  2 frilled lizards (D:1)
  2 goblins (D:1)
  6 rats (D:1)
50 creatures vanquished.

Notes
Turn   | Place    | Note
-------+----------+-------------------------------------------
     0 | D:1      | barkas the Naga Warper began the quest for the Orb.
     0 | D:1      | Reached XP level 1. HP: 19/19 MP: 3/3
   129 | D:1      | Reached XP level 2. HP: 18/26 MP: 5/5
   721 | D:1      | Reached XP level 3. HP: 25/33 MP: 6/6
   965 | D:1      | Learned a level 2 spell: Blink
   969 | D:1      | Learned a level 3 spell: Teleport Other
  1287 | D:1      | Found a faded altar of an unknown god.
  1755 | D:2      | Noticed Terence
  2299 | D:3      | Reached XP level 4. HP: 40/40 MP: 7/7
  2330 | D:3      | Found a radiant altar of Vehumet.
  2522 | D:3      | Gained mutation: You are occasionally teleported next to
                  | monsters. [potion of mutation]
  2522 | D:3      | Gained mutation: You are dopey. (Int -2) [potion of
                  | mutation]
  2522 | D:3      | Gained mutation: Your spells are a little harder to cast,
                  | but a little more powerful. [potion of mutation]
  2532 | D:3      | Slain by a wyvern zombie

Illustrated notes

Levels and vault maps discovered:
D:1:      sevenhm_arrival_forest_fort_small_4, layout_basic,
          dilly_ecumenical_altar_fadedgnrine, minmay_cut_off
D:2:      layout_basic, lemuel_another_geyser, uniq_terence
D:3:      layout_loops_cross, vehumet_crystals

Skill      XL: |  1  2 |
---------------+-------+-----
Axes           | 3 |  3.5
Fighting       | |  2.7
Throwing       | |  0.8
Armour         | |  0.7
Dodging        | |  1.5
Spellcasting   | |  2.0
Translocations | |  3.2

Action                   |  1- 3 |  4- 6 || total
-------------------------+-------+-------++-------
Melee: Hand axe          |   100 |    32 ||   132
 Cast: Teleport Other    |     1 |     2 ||     3
 Abil: Spit Poison       |    34 |     4 ||    38
  Use: Potion            |       |     3 ||     3
Armor: Leather armour    |    29 |    25 ||    54
Dodge: Dodged            |    52 |    26 ||    78

Table legend: (Time is in decaauts)
 A = Elapsed time spent in this place.
 B = Non-inter-level travel time spent in this place.
 C = Inter-level travel time spent in this place.
 D = Time resting spent in this place.
 E = Time spent auto-exploring this place.
 F = Levels seen in this place.
 G = Mean time per level.
                   A        B        C        D        E       F      G
               +--------+--------+--------+--------+--------+-----+--------+
         Total |   3083 |   2854 |    229 |    259 |   2156 |   3 | 1027.7 |
       Dungeon |   3083 |   2854 |    229 |    259 |   2156 |   3 | 1027.7 |
               +--------+--------+--------+--------+--------+-----+--------+

Top non-repeatable levels by time:
     D:1: 1868 daAuts
     D:2: 909 daAuts
     D:3: 306 daAuts
